 Dungeon Crawl Stone Soup version 0.26.1-11-gd32895ea62 (webtiles) character file.

Game seed: 18289598096069003961

107 Arcadio the Sneak (level 4, -2/29 HPs)
             Began as an Octopode Brigand on May 22, 2021.
             Slain by Grinder (8 damage)
             ... while paralysed by Grinder
             ... on level 3 of the Dungeon.
             The game lasted 00:02:59 (2873 turns).

Arcadio the Sneak (Octopode Brigand)                Turns: 2873, Time: 00:02:59

Health: -2/29      AC:  1    Str: 10    XL:     4   Next: 85%
Magic:  4/4        EV:  2    Int: 13    God:
Gold:   96         SH:  0    Dex: 14    Spells: 3/3 levels left

rFire    . . .     SeeInvis .   a - +2 dagger
rCold    . . .     Faith    .   (no shield)
rNeg     . . .     Spirit   .   (helmet restricted)
rPois    .         Reflect  .   (no amulet)
rElec    .         Harm     .   (no ring)
rCorr    .         Rampage  .   (no ring)
Will     .....                  (no ring)
Stlth    ++++......             (no ring)
HPRegen  0.09/turn              (no ring)
MPRegen  0.09/turn              (no ring)
                                (no ring)
                                (no ring)

@: paralysed
A: almost no armour, stealthy swim, amphibious, 8 rings, constrict 8, camouflage
1, gelatinous body 1
a: no special abilities


You were on level 3 of the Dungeon.
You visited 1 branch of the dungeon, and saw 3 of its levels.

You collected 96 gold pieces.

Inventory:

Hand Weapons
 a - a +2 dagger (weapon)
Missiles
 b - 19 poisoned darts (quivered)
 c - 2 curare-tipped darts
Jewellery
 j - a +6 ring of intelligence {unknown}
Scrolls
 e - 2 scrolls of immolation
 f - a scroll of fear
 k - a scroll of enchant weapon {unknown}
 l - a scroll of remove curse {unknown}
 m - a scroll of blinking {unknown}
 q - a scroll of noise
 r - 2 scrolls of magic mapping
Potions
 d - a potion of resistance
 g - 2 potions of cancellation
 h - a potion of ambrosia
 i - a potion of curing {unknown}
 n - a potion of haste {unknown}
 o - a potion of degeneration {unknown}
 p - a potion of attraction {unknown}


   Skills:
 - Level 2.0 Fighting
 + Level 3.3 Short Blades
 - Level 2.0 Throwing
 + Level 2.3 Dodging
 + Level 6.5 Stealth


You had 3 spell levels left.
You didn't know any spells.
Your spell library was empty.

Dungeon Overview and Level Annotations

Branches:
Dungeon (3/15)

Altars:
Kikubaaqudgha

Annotations:
D:3 Grinder


Innate Abilities, Weirdness & Mutations

You cannot wear most types of armour.
You are very stealthy in the water. (Stealth+)
You are amphibious.
You can wear up to eight rings at the same time.
You can use your tentacles to constrict eight enemies at once.
Your skin changes colour to match your surroundings (Stealth+).
Your rubbery body absorbs attacks. (AC +1, EV +1)


Message History

You hit Grinder. Your grab misses Grinder.
You squeeze Grinder, but do no damage.
Grinder is lightly wounded.
Grinder closely misses you.
You closely miss Grinder. Your grab misses Grinder.
Grinder is lightly wounded.
Grinder barely misses you.
You hit Grinder but do no damage. You grab Grinder.
Grinder is lightly wounded.
You constrict Grinder. Grinder hits you!
You writhe in agony.
You hit Grinder.
Grinder is lightly wounded.
You constrict Grinder. Grinder gestures at you.
You suddenly lose the ability to move!
You lose your grip on Grinder.
Grinder gestures at you. Pain shoots through your body!
* * * LOW HITPOINT WARNING * * *
Grinder hits you!
You die...

**,,,,,*,* *,*,* *,*,,,,,,,*
*,,,,,,,,***,*,* *,*,*******
,,,,,,,,,,,,,*,* *,*,*
*,,,,,,,,,,***,* *,*,*
**,,,,,,,,,,,,,* *,*,*
**,<,,,...####### *,*,*
**,*,,.......)<# *,*,******
*,**,.#######.# *,*,,,,,,*
*,**,,***#...@#***,******,*
*,**,,>......5.!...# *,*
*,,,,,.............# **,**
**,**,*##....#.####.#****,,,*
*,,,,,,.......(# *,#,,,,,,,*
**>**,*#.......# *,*,***,,,*
****,,..###...# *,*,* *****
***#.***...# *,*,* *,,,,,,,*
*,*,*


You could see Grinder.

Vanquished Creatures
  3 adders (D:2)
  3 oozes (D:2)
  A worm (D:2)
  3 dart slugs
  A leopard gecko (D:2)
  An orc (D:3)
  2 giant cockroaches
  8 hobgoblins
  3 jackals (D:1)
  4 kobolds
  2 quokkas (D:2)
  6 bats
  4 frilled lizards (D:1)
  8 goblins
  6 rats
55 creatures vanquished.

Vanquished Creatures (others)
  3 plants (D:1)
  4 toadstools (D:1)
7 creatures vanquished.

Grand Total: 62 creatures vanquished

Notes
Turn   | Place    | Note
-------+----------+-------------------------------------------
     0 | D:1      | Arcadio the Octopode Brigand began the quest for the Orb.
     0 | D:1      | Reached XP level 1. HP: 14/14 MP: 1/1
   137 | D:1      | Reached XP level 2. HP: 19/19 MP: 2/2
   502 | D:1      | Reached XP level 3. HP: 13/24 MP: 3/3
   787 | D:1      | Reached skill level 6 in Stealth
  1883 | D:2      | Found an ancient bone altar of Kikubaaqudgha.
  1937 | D:2      | Reached XP level 4. HP: 29/29 MP: 4/4
  2862 | D:3      | Noticed Grinder
  2871 | D:3      | Paralysed by Grinder for 6 turns
  2873 | D:3      | Slain by Grinder

Illustrated notes

Levels and vault maps discovered:
D:1:      ldierk_water_garden, layout_basic, serial_forest,
          infiniplex_forest_end_2, infiniplex_forest_zigzag_2,
          infiniplex_forest_clump_C, infiniplex_forest_clump_medium,
          infiniplex_forest_clump_long, infiniplex_forest_straight_3,
          infiniplex_forest_straight_4
D:2:      layout_basic, lemuel_crystal_altar, nicolae_overflow_hidden_temple
D:3:      layout_loops_ring, chequers_temple_overflow_minitemple,
          chequers_ecumenical_altar_simple, uniq_grinder

Skill      XL: |  1  2  3  4 |
---------------+-------------+-----
Stealth        | 6 |  6.5
Short Blades   | 3 |  3.3
Dodging        | 2 |  2.3
Fighting       | |  2.0
Throwing       | |  2.0

Action                   |  1- 3 |  4- 6 || total
-------------------------+-------+-------++-------
Melee: Dagger            |    68 |    44 ||   112
       Constrict         |    14 |     9 ||    23
       Tentacles         |     8 |     9 ||    17
  Use: Scroll            |     4 |     3 ||     7
 Stab: Sleeping          |    17 |     2 ||    19
Armor: Skin              |     5 |     2 ||     7
Dodge: Dodged            |    43 |    15 ||    58
